AoeStats
← wujiang

MegaRandom

510272211Analyzed
4v4 RM · 24h ago on Sep 30, 2026· 15m 23s· 8 players
Game mode
Random Map
Map size
Large (8 player)
Population
200
Speed
Normal
Resources
Standard
Victory
Conquest
Starting age
Dark Age
Ending age
Imperial Age
RankedLock teamsTeams togetherTeam positionsShared explorationLock speedFull tech treeHidden civsTurbo modeCheats
Victory
Defeat
🇦🇿 Mongols · Azerbaijan
1263
+7
🇨🇳 Koreans · China
1238
+7
🇭🇰 Maya · Hong Kong SAR China
1178
+9
🇨🇳 Franks · China
1028
+15
🇨🇳 Vietnamese · China
1057
-11
🇺🇸 Teutons · United States
1037
-10
🇭🇰 Goths · Hong Kong SAR China
1032
-10
🇦🇹 Byzantines · Austria
944
-7
LazyDonkey
4:34 Loom
13:45 Feudal Age
Bantum
2:48 Loom
13:41 Feudal Age
yihua8995
12:34 Feudal Age
16:16 Castle Age
14:08 Double-Bit Axe
wujiang
11:43 Feudal Age
10:00 Loom
12:34 Double-Bit Axe
渣渣灰
14:47 Feudal Age
dy小妖
3:33 Loom
11:32 Feudal Age
13:20 Double-Bit Axe
14:25 Fletching
Mr.Guo
1:09 Loom
10:54 Feudal Age
15:37 Forging
15:41 Bloodlines
为何独自愁
0:44 Loom
12:04 Feudal Age
Connection lost

Rejoining the realm…

Still unreachable

The connection could not be restored.

Session expired

The server has moved on; the page needs a fresh start.